 Dungeon Crawl Stone Soup version 0.26-a0-852-g6321bf7485 (webtiles) character file.

Game seed: 16007485346737679634

49 dolemite99 the Poker (level 3, 0/27 HPs)
             Began as a Merfolk Gladiator on Nov 21, 2020.
             Succumbed to an adder's poison
             ... on level 2 of the Dungeon.
             The game lasted 00:01:20 (1308 turns).

dolemite99 the Poker (Merfolk Gladiator)            Turns: 1308, Time: 00:01:20

Health: 0/27       AC:  4    Str: 15    XL:     3   Next: 77%
Magic:  3/3        EV: 12    Int:  7    God:
Gold:   38         SH:  0    Dex: 15    Spells: 2/2 levels left

rFire    . . .     SeeInvis .   a - +0 trident
rCold    . . .     Faith    .   (no shield)
rNeg     . . .     Spirit   .   g - -2 ring mail (curse)
rPois    .         Reflect  .   c - +0 helmet
rElec    .         Harm     .   (no cloak)
rCorr    .         Rampage  .   (no gloves)
MR       .....                  (no boots)
Stlth    +.........             (no amulet)
HPRegen  0.09/turn              (no ring)
MPRegen  0.08/turn              (no ring)

@: lethally poisoned (0 -> -1), flying (expiring)
A: change form in water, swift swim, stealthy swim
a: no special abilities


You were on level 2 of the Dungeon.
You visited 1 branch of the dungeon, and saw 2 of its levels.

You collected 38 gold pieces.

Inventory:

Hand Weapons
 a - a +0 trident (weapon)
Missiles
 e - 29 stones (quivered)
Armour
 b - a +0 leather armour
 c - a +0 helmet (worn)
 g - a cursed -2 ring mail (worn)
Jewellery
 d - an uncursed ring of positive energy {unknown}
Scrolls
 h - a scroll of identify {unknown}
 i - a scroll of amnesia {unknown}


   Skills:
 - Level 2.1 Fighting
 + Level 2.6(3.1) Axes
 - Level 4.4(5.4) Polearms
 - Level 2.0 Throwing
 - Level 4.0 Dodging


You had 2 spell levels left.
You didn't know any spells.
Your spell library was empty.

Dungeon Overview and Level Annotations

Branches:
Dungeon (2/15)

Altars:


Message History

* * * LOW HITPOINT WARNING * * *
You feel sick.
* * * LOW HITPOINT WARNING * * *
You feel sick.
* * * LOW HITPOINT WARNING * * *
You feel sick.
* * * LOW HITPOINT WARNING * * *
You feel sick.
* * * LOW HITPOINT WARNING * * *
You feel sick.
* * * LOW HITPOINT WARNING * * *
You feel sick.
* * * LOW HITPOINT WARNING * * *
You feel sick.
You are starting to lose your buoyancy.
* * * LOW HITPOINT WARNING * * *
You feel sick.
* * * LOW HITPOINT WARNING * * *
You feel sick.
You die...

## #......###...# # .
...#........#...#.##.#
#..#............#.....
#................$#
#...##...#.#.#..#
#[...#.#......#
##.....†...##.#
#..#....##.#..#
#.##@##..#....#
#.##.##..†##..#
#................#
#................#
#..........#.....#
##.####.##.......# #
#.#........#
#.#...##...#
###.#.####...#


There were no monsters in sight!

Vanquished Creatures
  An adder (D:2)
  An ooze (D:1)
  A dart slug (D:1)
  3 leopard geckos
  A ball python (D:1)
  4 bats (D:1)
  A giant cockroach (D:1)
  2 goblins
  4 hobgoblins (D:1)
  3 jackals (D:1)
  4 frilled lizards
  2 kobolds
  4 rats
31 creatures vanquished.

Notes
Turn   | Place    | Note
-------+----------+-------------------------------------------
     0 | D:1      | dolemite99 the Merfolk Gladiator began the quest for the
                  | Orb.
     0 | D:1      | Reached XP level 1. HP: 16/16 MP: 1/1
    63 | D:1      | Reached skill level 1 in Axes
   264 | D:1      | Reached XP level 2. HP: 22/22 MP: 2/2
   673 | D:1      | Reached XP level 3. HP: 27/27 MP: 3/3
  1300 | D:2      | HP: 1/27 [poisoned by an adder]
  1308 | D:2      | Succumbed to an adder's poison

Illustrated notes

Levels and vault maps discovered:
D:1:      minmay_arrival_four_houses, layout_basic, minmay_stone_trees_medium
D:2:      layout_rooms, fedhas_altar_4, chequers_ecumenical_altar_twisty

Skill      XL: |  1  2 |
---------------+-------+-----
Axes           | 1 2 |  2.6
Fighting       | |  2.1
Polearms       | |  4.4
Throwing       | |  2.0
Dodging        | |  4.0

Action                   || total
-------------------------++-------
Melee: Trident           ||    95
Throw: Throwing net      ||     6
       Stone             ||    27
  Use: Potion            ||     1
Armor: Leather armour    ||    18
       Ring mail         ||    11
Dodge: Dodged            ||    65

Table legend: (Time is in decaauts)
 A = Elapsed time spent in this place.
 B = Non-inter-level travel time spent in this place.
 C = Inter-level travel time spent in this place.
 D = Time resting spent in this place.
 E = Time spent auto-exploring this place.
 F = Levels seen in this place.
 G = Mean time per level.
                   A        B        C        D        E       F      G
               +--------+--------+--------+--------+--------+-----+--------+
         Total |   1312 |   1260 |     52 |    260 |    659 |   2 |  656.0 |
       Dungeon |   1312 |   1260 |     52 |    260 |    659 |   2 |  656.0 |
               +--------+--------+--------+--------+--------+-----+--------+

Top non-repeatable levels by time:
     D:1: 1199 daAuts
     D:2: 112 daAuts
